 Dungeon Crawl Stone Soup version 0.31-a0-84-gb28f313 (webtiles) character file.

Game seed: 11278120445157860170

224997 60083410 the Naga Aeon (level 18, -2/163 HPs)
             Began as a Naga Monk on May 22, 2023.
             Was the Champion of Cheibriados.
             Slain by a titanic slime creature (79 damage)
             ... on level 15 of the Dungeon on May 24, 2023.
             The game lasted 02:30:49 (31890 turns).

60083410 the Naga Aeon (Naga Monk)                 Turns: 31890, Time: 02:30:50

Health: -2/163     AC: 35    Str: 42    XL:     18   Next: 84%
Magic:  29/29      EV: 15    Int: 25    God:    Cheibriados [******]
Gold:   1234       SH: 17    Dex: 33    Spells: 11/29 levels left

rFire   + + .        y - +1 demon trident (vamp)
rCold   . . .        Y - +2 kite shield {AC+3}
rNeg    . . .        a - +6 scale mail "Owioxodoe" {rElec Regen+}
rPois   +            (no helmet)
rElec   +            P - +2 cloak
rCorr   .            r - +1 pair of gloves {Dex+3}
SInv    +            H - +4 barding
Will    ++++.        G - amulet "Leam" {Contam rF++ Will++ Regen+}
Stlth   +++++++++    C - ring of Shadows {Umbra +Inv Stlth+}
HPRegen 2.07/turn    d - +6 ring of strength
MPRegen 0.21/turn

%: no passive effects
@: wreathed by umbra, studying Poison Magic, very slow
A: AC +6, large, see invisible, deformed body, poison resistance, slowness 2,
spit poison 1, naga tail 2
}: 2/15 runes: serpentine, barnacled
a: Spit Poison, Renounce Religion, Evoke Invisibility, Bend Time, Temporal
Distortion, Slouch, Step From Time


You were on level 15 of the Dungeon.
You worshipped Cheibriados.
Cheibriados was exalted by your worship.
You visited 6 branches of the dungeon, and saw 31 of its levels.

You collected 3091 gold pieces.
You spent 1857 gold pieces at shops.

Inventory:

Hand Weapons
 c - a +1 demon trident of flaming
 y - a +1 vampiric demon trident (weapon)
 E - a +5 trident of venom
Missiles
 x - 3 throwing nets
Armour
 a - the +6 scale mail "Owioxodoe" (worn) {rElec Regen+}
   (You found it on level 4 of the Dungeon)

   rElec:     It insulates you from electricity.
   Regen:     It increases your rate of health regeneration.
 r - a +1 pair of gloves of dexterity (worn)
 H - a +4 barding (worn)
 P - a +2 cloak (worn)
 Y - a +2 kite shield of protection (worn)
Jewellery
 d - a +6 ring of strength (right hand)
 s - an amulet of reflection
 C - the ring of Shadows (left hand) {Umbra +Inv Stlth+}
   (You bought it in a shop on level 2 of the Snake Pit)

   [ring of stealth]

   Umbra:     It surrounds you with an aura of shadow, increasing your stealth
   and reducing the accuracy of all others within it.
   +Inv:      It lets you turn invisible.
   Stlth:     It makes you more stealthy.
 G - the amulet "Leam" (around neck) {Contam rF++ Will++ Regen+}
   (You found it on level 13 of the Dungeon)

   [amulet of regeneration]

   rF:        It greatly protects you from fire.
   Contam:    It causes magical contamination when unequipped.
   Regen:     It increases your rate of health regeneration.
   Will:      It greatly increases your willpower.
 K - a +6 ring of intelligence
 M - the ring "Becemuh" {rC+ rN+ Stlth+}
   (You found it on level 14 of the Dungeon)

   [ring of positive energy]

   rC:        It protects you from cold.
   rN:        It protects you from negative energy.
   Stlth:     It makes you more stealthy.
 R - the ring "Ukyir" {+Blink Fly rN+}
   (You bought it in a shop on level 6 of the Dungeon)

   [ring of flight]

   rN:        It protects you from negative energy.
   Fly:       It grants you flight.
   +Blink:    It lets you blink.
Wands
 j - a wand of iceblast (13)
 o - a wand of flame (60)
 q - a wand of light (8)
 v - a wand of polymorph (17)
 A - a wand of paralysis (15)
 Q - a wand of mindburst (6)
Scrolls
 e - 8 scrolls of amnesia
 k - 7 scrolls of poison
 l - 8 scrolls of teleportation
 m - 2 scrolls of fog
 n - 3 scrolls of blinking
 p - 6 scrolls of vulnerability
 u - 4 scrolls of fear
 w - 5 scrolls of enchant weapon
 z - a scroll of acquirement
 B - 2 scrolls of magic mapping
 D - 2 scrolls of immolation
 F - 5 scrolls of silence
 L - 10 scrolls of identify
 N - a scroll of torment
 S - a scroll of summoning
 T - a scroll of enchant armour
Potions
 b - 5 potions of attraction
 f - a potion of berserk rage
 g - a potion of magic
 h - 9 potions of curing
 i - 5 potions of enlightenment
 t - 5 potions of brilliance
 I - 4 potions of mutation
 J - 2 potions of invisibility
 U - a potion of resistance
 W - 2 potions of might
 X - a potion of lignification
Miscellaneous
 O - a lightning rod (4/4)


   Skills:
 - Level 10.3 Fighting
 - Level 14.0 Polearms
 - Level 9.0 Armour
 - Level 8.3 Dodging
 - Level 14.0 Stealth
 - Level 10.1 Shields
 + Level 6.4 Spellcasting
 - Level 0.2 Conjurations
 * Level 8.6 Transmutations
 - Level 8.2 Fire Magic
 - Level 7.3 Ice Magic
 - Level 0.2 Air Magic
 - Level 1.5 Earth Magic
 * Level 13.0 Poison Magic
 - Level 15.1 Invocations
 * Level 0.6 Evocations


You had 11 spell levels left.
You knew the following spells:

 Your Spells              Type           Power      Damage    Failure   Level
a - Ozocubu's Armour      Ice            44%        N/A       2%          3
b - Ignite Poison         Fire/Tmut/Pois 51%        N/A       1%          3
c - Eringya's Noxious Bo  Tmut/Pois      27%        N/A       36%         6
d - Statue Form           Tmut/Erth      19%        N/A       99%         6

Your spell library contained the following spells:

 Spells                   Type           Power      Damage    Failure   Level
 Cigotuvi's Dreadful Rot  Necr/Pois/Air  48%        N/A       6%          2
 Alistair's Intoxication  Tmut/Pois      36%        N/A       7%          5
 Mephitic Cloud           Conj/Pois/Air  25%        N/A       12%         3
 Blade Hands              Tmut           25%        N/A       12%         5
 Magic Dart               Conj           36%        1d4       14%         1
 Apportation              Tloc           16%        N/A       16%         1
 Necrotise                Necr           32%        1d5       16%         1
 Summon Small Mammal      Summ           32%        N/A       16%         1
 Searing Ray              Conj           18%        2d5       22%         2
 Blink                    Tloc           16%        N/A       24%         2
 Call Imp                 Summ           16%        N/A       24%         2
 Lesser Beckoning         Tloc           16%        N/A       24%         2
 Petrify                  Tmut/Erth      29%        N/A       26%         4
 Call Canine Familiar     Summ           8%         N/A       43%         3
 Gell's Gravitas          Tloc           8%         N/A       43%         3
 Teleport Other           Tloc           8%         N/A       43%         3
 Portal Projectile        Hex/Tloc       8%         N/A       54%         3
 Summon Guardian Golem    Hex/Summ       4%         N/A       54%         3
 Vhi's Electric Charge    Tloc/Air       8%         N/A       54%         3
 Irradiate                Conj/Tmut      13%        3d16      69%         5
 Metabolic Englaciation   Hex/Ice        11%        N/A       80%         5
 Animate Dead             Necr           8%         N/A       83%         4
 Manifold Assault         Tloc           8%         N/A       83%         4
 Passage of Golubria      Tloc           8%         N/A       83%         4
 Leda's Liquefaction      Hex/Erth       3%         N/A       85%         4
 Fulminant Prism          Conj/Hex       2%         3d5       91%         4
 Freezing Cloud           Conj/Ice/Air   7%         6-21      93%         5
 Dragon Form              Tmut           25%        N/A       98%         7
 Borgnjor's Vile Clutch   Necr/Erth      3%         N/A       99%         5
 Silence                  Hex/Air        2%         N/A       99%         5
 Simulacrum               Ice/Necr       11%        N/A       100%        6
 Haunt                    Necr/Summ      2%         N/A       100%        7
 Malign Gateway           Summ/Tloc      2%         N/A       100%        7
 Orb of Destruction       Conj           4%         9d5       100%        7
 Spellforged Servitor     Conj/Summ      2%         N/A       100%        7
 Storm Form               Tmut/Air       13%        N/A       100%        7
 Infestation              Necr           4%         N/A       100%        8
 Lehudib's Crystal Spear  Conj/Erth      4%         10d3      100%        8
 Chain Lightning          Conj/Air       2%         3d3       100%        9
 Fire Storm               Conj/Fire      12%        8d3       100%        9
 Shatter                  Erth           7%         3d10*     100%        9


Dungeon Overview and Level Annotations

Branches:
Dungeon (15/15)            Temple (1/1) D:7            Lair (5/5) D:9
 Shoals (4/4) Lair:3        Snake (4/4) Lair:3        Slime (0/5) Lair:4
    Orc (2/2) D:10            Elf (0/3) Orc:2        Vaults (0/5) D:14
 Depths (0/4) D:15

Altars:
Ashenzari
Cheibriados
Dithmenos
Elyvilon
Fedhas
Gozag
Hepliaklqana
Kikubaaqudgha
Makhleb
Nemelex Xobeh
Okawaru
Qazlal
Ru
Sif Muna
Trog
Uskayaw
Vehumet
Wu Jian
Xom
Yredelemnul
Zin
The Shining One
Jiyva

Shops:
D:2 [   D:6 =?(?   D:10 ?   D:11 :(=   Orc:2 *[?:   Shoals:1 *((   Shoals:2 (
Snake:2 =:=

Portals:
Pandemonium: Orc:2

Annotations:
Lair:2 2 transporters, Radamante's ghost, journeyman MiFi
Lair:4 3 runed translucent doors, Podohet's ghost, journeyman MiFi
Shoals:4 3 runed translucent doors, porkupine's ghost, adept OgIE


Innate Abilities, Weirdness & Mutations

Your serpentine skin is tough. (AC +6)
You have supernaturally acute eyesight. (SInv)
Armour fits poorly on your strangely shaped body.
Your system is resistant to poisons. (rPois)
You cover ground very slowly.
You can spit poison.
You can use your snake-like lower body to constrict enemies.


Message History

The titanic slime creature is moderately wounded.
You puncture the titanic slime creature!
You feel better.
The titanic slime creature is moderately wounded.
You impale the titanic slime creature!!
You feel better.
The titanic slime creature is moderately wounded.
You puncture the titanic slime creature!
You feel better.
The titanic slime creature is heavily wounded.
You impale the titanic slime creature!!
The titanic slime creature is heavily wounded.
The titanic slime creature hits you!!!
You completely miss the titanic slime creature.
The titanic slime creature is heavily wounded.
You block the titanic slime creature's attack.
You hit the titanic slime creature but do no damage.
The titanic slime creature is heavily wounded.
You impale the titanic slime creature!!
The titanic slime creature is heavily wounded.
You block the titanic slime creature's attack.
You hit the titanic slime creature.
You feel better.
The titanic slime creature is heavily wounded.
The titanic slime creature hits you!!
You are too injured to fight recklessly!
You are too injured to fight recklessly!
You are too injured to fight recklessly!
You are too injured to fight recklessly!
You are too injured to fight recklessly!
You impale the titanic slime creature!!
You feel better.
The titanic slime creature is severely wounded.
You block the titanic slime creature's attack.
You puncture the titanic slime creature!
The titanic slime creature is severely wounded.
You hit the titanic slime creature.
You feel better.
The titanic slime creature is severely wounded.
You block the titanic slime creature's attack.
You impale the titanic slime creature!!
The titanic slime creature is severely wounded.
The titanic slime creature hits you!!!!
You die...

#.#####...#
...≈
###.........#
...≈
#...........#
.
#....#####..#
#....#
##..#######.
#....#
#...........
#....#
#...........
#....#
#..###......
#....#
##@#!#.?....
#....#
#J###......
#OOOO....##
#OcO.....#
.OO......#
..........#
..........
###.......
.......


You could see a titanic slime creature, a centaur warrior, 2 two-headed ogres,
an ogre mage and 5 ogres.

Vanquished Creatures
  Rupert (D:14)
  12 nagarajas
  Aizul (Shoals:3)
  A formless jellyfish (Shoals:4)
  Josephine (Lair:3)
  8 merfolk javelineers
  A fire dragon (Lair:5)
  10 merfolk impalers (Shoals:4)
  Fannar (D:10)
  7 hydras
  2 demonspawn (Orc:2)
  3 salamander tyrants
  3 merfolk avatars
  5 anacondas
  2 satyrs
  2 two-headed ogres
  A boulder beetle (D:13)
  10 naga warriors
  5 tengu warriors
  3 merfolk aquamancers (Shoals:4)
  2 alligator snapping turtles (Shoals:4)
  7 centaur warriors
  8 shock serpents
  3 orc high priests
  11 naga sharpshooters
  A sun demon (Orc:2)
  A skeletal warrior (D:12)
  2 salamander mystics
  12 sea snakes
  4 skysharks
  A swamp dragon (Lair:5)
  A kraken simulacrum (Shoals:4)
  4 naga ritualists
  28 harpies
  An obsidian statue (D:14)
  2 deep elf pyromancers
  A wizard (D:14)
  8 ugly things
  12 mana vipers
  6 orc knights
  13 manticores
  3 fauns (Shoals:1)
  18 salamanders
  12 orc sorcerers
  4 cyclopes
  14 elephants
  Maurice (D:13)
  A rust devil (Orc:2)
  9 merfolk sirens
  48 black mambas
  4 water nymphs
  5 guardian serpents
  16 naga magi
  A gargoyle (D:14)
  9 cane toads
  An ice statue (D:14)
  A torpor snail (Lair:2)
  A kobold demonologist (D:11)
  4 rime drakes (Lair:5)
  An efreet (D:13)
  11 komodo dragons
  3 trolls
  16 merfolk
  2 red devils (Orc:2)
  13 polar bears
  5 wind drakes
  Prince Ribbit (D:7)
  A hornet (D:8)
  A raiju (Lair:5)
  11 snapping turtles
  2 dream sheep (Shoals:2)
  14 slime creatures
  A vampire (D:11)
  A shadow (D:10)
  37 yaks
  10 wyverns
  8 wraiths
  4 basilisks
  16 humans (D:14)
  9 water elementals
  A steam dragon (D:8)
  7 vampire mosquitoes
  Menkaure (D:7)
  10 wargs
  36 nagas
  5 acid dragons
  14 hell hounds (Lair:5)
  12 water moccasins
  2 swamp drakes (Lair:5)
  A sky beast (D:8)
  An ice beast (D:6)
  29 orc warriors
  12 black bears
  6 ogres
  21 wolves
  16 centaurs
  2 phantoms
  2 kobold brigands
  14 bullfrogs
  A necrophage (D:8)
  4 scorpions
  5 wights (D:9)
  15 killer bees
  4 howler monkeys
  4 electric eels
  9 jellies
  2 sleepcaps
  A gnoll bouda (D:7)
  38 orc priests
  3 hounds
  An iguana (Lair:5)
  Natasha (thrice) (D:3)
  24 orc wizards
  A hound skeleton (D:8)
  6 adders
  16 gnolls
  A white imp (D:6)
  3 worms
  2 dart slugs
  77 orcs
  7 bats
  5 endoplasms
  3 giant cockroaches
  5 goblins
  3 hobgoblins
  8 jackals (D:2)
  2 quokkas
  3 training dummies (Shoals:2)
  6 ball pythons
  3 frilled lizards
  17 kobolds
  5 rats
1005 creatures vanquished.

Vanquished Creatures (others)
  A naga (Snake:2)
  A centaur (D:15)
  An orc priest (Orc:2)
  An iguana (Lair:5)
  3 tentacles (Shoals:4)
7 creatures vanquished.

Grand Total: 1012 creatures vanquished

Notes
Turn   | Place    | Note
-------+----------+-------------------------------------------
     0 | D:1      | 60083410 the Naga Monk began the quest for the Orb.
     0 | D:1      | Reached XP level 1. HP: 21/21 MP: 1/1
    97 | D:1      | Found a faded altar of an unknown god.
   230 | D:1      | Reached XP level 2. HP: 17/28 MP: 2/2
  1015 | D:2      | Reached XP level 3. HP: 34/34 MP: 3/3
  1578 | D:2      | Found Behus's Armour Shop.
  1827 | D:2      | Reached XP level 4. HP: 38/42 MP: 4/4
  1856 | D:2      | Reached skill level 5 in Polearms
  2121 | D:3      | Found a white marble altar of Elyvilon.
  2134 | D:3      | Noticed a scorpion
  2147 | D:3      | Killed a scorpion
  2148 | D:3      | Reached XP level 5. HP: 32/49 MP: 5/5
  2328 | D:2      | Bought a +1 pair of gloves of dexterity for 165 gold pieces
  2493 | D:3      | Noticed Natasha
  2498 | D:3      | Killed Natasha
  3122 | D:3      | Noticed a phantom
  3132 | D:3      | Noticed Natasha
  3138 | D:3      | Killed a phantom
  3139 | D:3      | Reached XP level 6. HP: 41/56 MP: 6/6
  3145 | D:3      | Killed Natasha
  3332 | D:3      | Noticed Natasha
  3343 | D:3      | Killed Natasha
  4021 | D:4      | Identified the +6 scale mail "Owioxodoe" {rElec Regen+}
  4186 | D:4      | Reached XP level 7. HP: 62/62 MP: 7/7
  4986 | D:5      | Entered Level 5 of the Dungeon
  5083 | D:5      | Found a shimmering blue altar of Sif Muna.
  5133 | D:5      | Found a hide-covered altar of Uskayaw.
  5144 | D:5      | Found a hazy altar of Hepliaklqana.
  5638 | D:6      | Reached XP level 8. HP: 69/69 MP: 8/8
  5715 | D:6      | Found Iwiuce's Magic Scroll Shop.
  5760 | D:6      | Bought a scroll of vulnerability for 48 gold pieces
  5760 | D:6      | Bought a scroll of identify for 24 gold pieces
  5760 | D:6      | Bought a scroll of enchant weapon for 90 gold pieces
  5805 | D:6      | Found Hoop's Magic Scroll Shoppe.
  5849 | D:6      | Found Pioste's Antique Weapon Boutique.
  5893 | D:6      | Reached skill level 10 in Polearms
  5940 | D:6      | Found Mocise's Jewellery Shoppe.
  6359 | D:7      | Noticed Prince Ribbit
  6378 | D:7      | Killed Prince Ribbit
  6379 | D:7      | Reached XP level 9. HP: 62/75 MP: 9/9
  6634 | D:7      | Reached skill level 1 in Stealth
  6734 | D:7      | Found a staircase to the Ecumenical Temple.
  6816 | D:7      | Reached skill level 1 in Armour
  6975 | D:7      | Noticed Menkaure
  6988 | D:7      | Killed Menkaure
  7046 | D:7      | Noticed a cyclops
  7097 | D:7      | Killed a cyclops
  7341 | D:7      | Reached XP level 10. HP: 86/86 MP: 10/10
  7628 | Temple   | Entered the Ecumenical Temple
  7860 | Temple   | Became a worshipper of Cheibriados the Contemplative
  7860 | Temple   | Reached * piety under Cheibriados
  7860 | Temple   | Reached ** piety under Cheibriados
  7963 | D:6      | Bought a scroll of identify for 20 gold pieces
  7963 | D:6      | Bought a scroll of identify for 20 gold pieces
  7963 | D:6      | Bought a scroll of identify for 20 gold pieces
  7963 | D:6      | Bought a scroll of identify for 20 gold pieces
  7967 | D:6      | Identified a scroll of acquirement
  8082 | D:8      | Paralysed by a hornet for 3 turns
  8089 | D:8      | Reached skill level 5 in Stealth
  8117 | D:8      | Found a glowing golden altar of the Shining One.
  8226 | D:8      | Found a burning altar of Makhleb.
  8373 | D:8      | Learned a level 3 spell: Ozocubu's Armour
  8469 | D:8      | Reached skill level 1 in Ice Magic
  8744 | D:9      | Found a staircase to the Lair.
  8763 | D:9      | HP: 3/87 [komodo dragon (24)]
  8966 | D:9      | Reached *** piety under Cheibriados
  8986 | D:9      | Reached skill level 5 in Ice Magic
  9316 | D:9      | Reached **** piety under Cheibriados
  9628 | D:9      | Found a viscous altar of Jiyva.
  9842 | D:6      | Bought a runed trident for 175 gold pieces
  9908 | D:10     | Entered Level 10 of the Dungeon
  9938 | D:10     | Reached XP level 11. HP: 85/93 MP: 11/11
  9954 | D:10     | Found a staircase to the Orcish Mines.
  9954 | D:10     | Noticed Fannar
  9999 | D:10     | Upgraded the game from 0.31-a0-66-ge618eea to
                  | 0.31-a0-80-g966c9bc
 10003 | D:10     | Killed Fannar
 10173 | D:10     | Found Ojemimne's Magic Scroll Shoppe.
 10177 | D:10     | Bought a scroll of identify for 30 gold pieces
 10177 | D:10     | Bought a scroll of noise for 15 gold pieces
 10177 | D:10     | Bought a scroll of identify for 30 gold pieces
 10177 | D:10     | Bought a scroll of identify for 30 gold pieces
 10695 | D:11     | Found Uzyilu's Weapon Shoppe.
 10782 | D:11     | Found Asis's Jewellery Shoppe.
 10876 | D:11     | Reached ***** piety under Cheibriados
 10885 | D:11     | Reached skill level 5 in Fighting
 10892 | D:11     | Noticed a manticore
 10911 | D:11     | Killed a manticore
 11113 | D:11     | Upgraded the game from 0.31-a0-80-g966c9bc to
                  | 0.31-a0-83-gbff143c
 11117 | D:11     | Learned a level 3 spell: Ignite Poison
 11231 | D:11     | Found Ymih's Book Shop.
 11241 | D:11     | Reached skill level 1 in Poison Magic
 11314 | D:11     | Reached skill level 1 in Transmutations
 11314 | D:11     | Reached skill level 1 in Fire Magic
 11568 | D:12     | Reached skill level 1 in Spellcasting
 11593 | D:12     | Noticed a tengu warrior
 11598 | D:12     | Noticed a tengu warrior
 11603 | D:12     | Killed a tengu warrior
 11616 | D:12     | Killed a tengu warrior
 11666 | D:12     | Reached XP level 12. HP: 19/103 MP: 13/15
 11887 | Lair:1   | Entered Level 1 of the Lair of Beasts
 11960 | Orc:1    | Entered Level 1 of the Orcish Mines
 12224 | D:6      | Bought a scroll of magic mapping for 75 gold pieces
 12422 | Lair:1   | Reached skill level 5 in Poison Magic
 12493 | Lair:1   | Upgraded the game from 0.31-a0-83-gbff143c to
                  | 0.31-a0-84-gb28f313
 12671 | Lair:1   | Reached ****** piety under Cheibriados
 12708 | Lair:1   | Reached skill level 5 in Transmutations
 12713 | Lair:1   | Reached skill level 5 in Fire Magic
 13342 | Lair:2   | Identified the +1 dagger of Meid {pain, rCorr}
 13368 | Lair:2   | Noticed Radamante's ghost (journeyman MiFi)
 13369 | Lair:2   | Found a transporter.
 13372 | Lair:2   | Found a transporter.
 13687 | Lair:2   | Reached skill level 1 in Shields
 13693 | Lair:2   | Gained mutation: You can use your snake-like lower body to
                  | constrict enemies. [Naga growth]
 13693 | Lair:2   | Reached XP level 13. HP: 105/110 MP: 18/18
 13994 | Lair:3   | Found a staircase to the Shoals.
 14070 | Lair:3   | Reached skill level 1 in Invocations
 14079 | Lair:3   | Reached skill level 2 in Invocations
 14091 | Lair:3   | Reached skill level 3 in Invocations
 14122 | Lair:3   | Noticed Josephine
 14130 | Lair:3   | Killed Josephine
 14131 | Lair:3   | Reached skill level 4 in Invocations
 14176 | Lair:3   | Reached skill level 5 in Invocations
 14443 | Lair:3   | Found a staircase to the Snake Pit.
 14580 | Lair:3   | Reached skill level 6 in Invocations
 14869 | Lair:4   | Reached skill level 7 in Invocations
 14925 | Lair:4   | Found a runed translucent gate.
 14925 | Lair:4   | Found a runed translucent gate.
 14932 | Lair:4   | Found a runed translucent gate.
 14935 | Lair:4   | Noticed Podohet's ghost (journeyman MiFi)
 14972 | Lair:4   | Reached skill level 8 in Invocations
 15147 | Lair:4   | Found a staircase to the Slime Pits.
 15174 | Lair:4   | Reached skill level 9 in Invocations
 15510 | Lair:4   | Noticed a minotaur
 15954 | Lair:5   | Entered Level 5 of the Lair of Beasts
 15972 | Lair:5   | Reached skill level 10 in Invocations
 16177 | Lair:5   | Reached skill level 11 in Invocations
 16188 | Lair:5   | Reached XP level 14. HP: 98/118 MP: 19/22
 16312 | Lair:5   | Reached skill level 12 in Invocations
 16634 | Lair:5   | Reached skill level 13 in Invocations
 16783 | Lair:5   | HP: 2/118 [fire dragon (7)]
 17192 | Snake:1  | Entered Level 1 of the Snake Pit
 17307 | Snake:1  | Reached skill level 14 in Invocations
 18541 | Snake:1  | Reached skill level 5 in Dodging
 18662 | Snake:1  | Reached XP level 15. HP: 105/127 MP: 25/25
 18958 | D:6      | Bought the ring "Ukyir" {+Blink Fly rN+} for 535 gold
                  | pieces
 19206 | Snake:2  | Reached skill level 5 in Armour
 19872 | Snake:2  | Found a runed translucent door.
 20078 | Snake:2  | Found Bosewa's Jewellery Boutique.
 20080 | Snake:2  | Found Ufraq's Book Emporium.
 20081 | Snake:2  | Found Reoseot's Jewellery Boutique.
 20741 | Snake:3  | Noticed a nagaraja
 20749 | Snake:3  | Reached skill level 15 in Invocations
 20760 | Snake:3  | Killed a nagaraja
 21540 | Snake:4  | Entered Level 4 of the Snake Pit
 21563 | Snake:4  | Reached XP level 16. HP: 101/139 MP: 23/27
 21848 | Snake:4  | Noticed a nagaraja
 21858 | Snake:4  | Noticed a nagaraja
 21867 | Snake:4  | Killed a nagaraja
 21869 | Snake:4  | Reached skill level 10 in Poison Magic
 21873 | Snake:4  | Killed a nagaraja
 21878 | Snake:4  | Reached skill level 5 in Spellcasting
 21938 | Snake:4  | Noticed a nagaraja
 21956 | Snake:4  | Killed a nagaraja
 22217 | Snake:4  | Noticed a nagaraja
 22224 | Snake:4  | Noticed a nagaraja
 22225 | Snake:4  | Killed a nagaraja
 22244 | Snake:4  | Killed a nagaraja
 22273 | Snake:4  | Noticed a nagaraja
 22285 | Snake:4  | Killed a nagaraja
 22308 | Snake:4  | Got a serpentine rune of Zot
 22384 | Snake:4  | Noticed a nagaraja
 22395 | Snake:4  | Killed a nagaraja
 22402 | Snake:4  | Noticed a nagaraja
 22410 | Snake:4  | Killed a nagaraja
 22530 | Snake:4  | Noticed a nagaraja
 22541 | Snake:4  | Killed a nagaraja
 22550 | Snake:4  | Noticed a nagaraja
 22562 | Snake:4  | Killed a nagaraja
 22715 | Snake:4  | Noticed a nagaraja
 22735 | Snake:4  | Killed a nagaraja
 22951 | Snake:4  | Reached skill level 10 in Stealth
 23218 | Shoals:1 | Entered Level 1 of the Shoals
 23238 | Shoals:1 | Reached skill level 5 in Shields
 23370 | Shoals:1 | Found Diraul's General Store.
 23575 | Shoals:1 | Reached XP level 17. HP: 146/146 MP: 28/28
 23624 | Shoals:1 | Found Soqiydgh's Weapon Shoppe.
 23881 | Shoals:1 | Found Sepo's Weapon Shoppe.
 24093 | Shoals:2 | Identified the +1 dagger "Akkaycou" {venom, rPois Str+3}
 24190 | Shoals:2 | Found Zerhubuj's Firing Range.
 24927 | Shoals:3 | Identified the +0 leather armour "Seerijic" {-Tele rElec
                  | rPois rC+}
 25303 | Shoals:3 | Got Koqejow's Reference Book on Shocking Generation
 25658 | Shoals:3 | Noticed Aizul
 25669 | Shoals:3 | Killed Aizul
 25837 | Shoals:4 | Entered Level 4 of the Shoals
 25900 | Shoals:4 | Found a runed translucent gate.
 25902 | Shoals:4 | Found a runed translucent gate.
 25903 | Shoals:4 | Found a runed translucent gate.
 25916 | Shoals:4 | Noticed porkupine's ghost (adept OgIE)
 26007 | Shoals:4 | HP: 3/148 [alligator snapping turtle (18)]
 26014 | Shoals:4 | HP: 1/148 [merfolk/+0 glaive[a merfolk impaler] (13)]
 26579 | Shoals:4 | Identified the staff of death "Quuweif" {rC+ rN+}
 26847 | Shoals:4 | HP: 6/151 [merfolk javelineer/javelin (13)]
 27145 | Shoals:4 | Reached XP level 18. HP: 148/159 MP: 29/29
 27353 | Shoals:4 | Got a barnacled rune of Zot
 27448 | Shoals:4 | Identified the staff of earth "Huebasoi" {Fly rF+ Int-5}
 28175 | Snake:2  | Bought the ring of Shadows {Umbra +Inv Stlth+} for 560 gold
                  | pieces
 28175 | Snake:2  | Found the ring of Shadows {Umbra +Inv Stlth+}
 28438 | Orc:2    | Entered Level 2 of the Orcish Mines
 28611 | Orc:2    | Found Ijoatal's Magic Scroll Shop.
 28657 | Orc:2    | Found Haejuhop's General Store.
 28928 | Orc:2    | Found a staircase to the Elven Halls.
 29215 | Orc:2    | Found Fakal's Book Shoppe.
 29215 | Orc:2    | Found Yckigigg's Antique Armour Emporium.
 29217 | Orc:2    | Found a one-way gate leading to the halls of Pandemonium.
 29544 | Orc:1    | Reached skill level 10 in Fighting
 30319 | D:13     | Identified the amulet "Leam" {Contam rF++ Will++ Regen+}
 30319 | D:13     | Noticed Maurice
 30357 | D:13     | Killed Maurice
 30869 | D:14     | Noticed Rupert
 30869 | D:14     | Found a gate to the Vaults.
 30883 | D:14     | Killed Rupert
 30885 | D:14     | Reached skill level 10 in Shields
 31195 | D:14     | Identified the ring "Becemuh" {rC+ rN+ Stlth+}
 31435 | D:14     | Found a sacrificial altar of Ru.
 31500 | D:14     | Reached skill level 1 in Earth Magic
 31591 | D:15     | Entered Level 15 of the Dungeon
 31626 | D:15     | Learned a level 6 spell: Eringya's Noxious Bog
 31633 | D:15     | Learned a level 6 spell: Statue Form
 31705 | D:15     | Found a staircase to the Depths.
 31890 | D:15     | Slain by a titanic slime creature

Illustrated notes

Levels and vault maps discovered:
D:1:      minmay_arrival_five_plusses, layout_loops_cross,
          hellmonk_ecumenical_altar_prayer_group, serial_co_window_serial,
          co_window_paths_a, co_window_corner_a, co_window_paths_b,
          co_window_paths_b, co_window_corner_a, co_window_corner_a,
          co_window_of_opportunity_a, co_window_broadway_b,
          co_window_of_opportunity_c, co_window_unsneaky_path_a,
          co_window_4corner_a, glass_columns_a, glass_columns_c, glass_columns_a
D:2:      layout_loops_corners, serial_shops, nicolae_square_shop,
          kennysheep_generic_room_5
D:3:      layout_basic, mainiacjoe_overflow_boulevard, grunt_ministairs_12,
          uniq_natasha
D:4:      layout_basic
D:5:      layout_rooms, eat_drink_and_be_merry_uskayaw, led_sif_book,
          worldfamousw_hep_ancestral_shrine
D:6:      layout_basic, serial_shops, shop, shop, shop, nicolae_diamond_shop,
          corexii_hall_statues_u
D:7:      layout_basic, minmay_temple_entry_glassed_door,
          nicolae_figureground_sparkle, uniq_prince_ribbit1, uniq_menkaure
D:8:      layout_basic, makhleb_blood_cavern_becter, tso_oasis_becter
D:9:      layout_cave_pods, david_lair_shrubbed, reono_crystal_passage,
          jiyva_altar_1
D:10:     layout_roguey, orc_0_dummy, serial_shops, nicolae_shop_rolled_up,
          minivault_21, uniq_fannar
D:11:     layout_long_grid, serial_shops, nicolae_shop_stone, shop_statue,
          nicolae_shop_rolling_square
D:12:     layout_cave_pods, serial_park, serial_park_tiny_pond,
          serial_park_gazebo [serial_park_minivault_5x5_1], serial_park_square1
          [serial_park_minivault_5x5_2], serial_park_fountain,
          serial_park_square1 [serial_park_minivault_5x5_3], serial_park_avenue1
D:13:     layout_rooms, uniq_maurice
D:14:     minmay_separated_statues, layout_small_grid, david_vaults_3,
          nicolae_ru_awakened_eye
D:15:     grunt_enter_depths_giant_problem, layout_irregular_city,
          minmay_splitting_lines, item_on_display_a
Temple:   compressed_dpeg_triangle_lava_temple
Lair:1:   layout_regular_city
Lair:2:   layout_loops_ring, gammafunk_ghost_arena
Lair:3:   layout_misc_corridors, nicolae_shoals_entry_roost,
          nicolae_snake_entry_squirm, uniq_josephine
Lair:4:   layout_gridlike, minmay_slime_entry_pillars,
          maelrawn_ghost_gauntlet_escape, grunt_megastairs_3, lemuel_fruit_tree
Lair:5:   hangedman_lair_caniforms_friends, layout_long_grid,
          guppyfry_lair_end_dragon
Shoals:1: layout_shoals, serial_shops, nicolae_shop_tiny_waterfront, shop,
          nicolae_shop_trees
Shoals:2: layout_shoals, nicolae_shop_firing_range
Shoals:3: layout_shoals, uniq_aizul
Shoals:4: shoals_end_grunt_ice, layout_shoals, gammafunk_ghost_tricky_traps,
          nicolae_shoals_mertower
Snake:1:  layout_concentric_octagons, serial_bayou_shore_b, serial_bayou_shore_a
Snake:2:  layout_gridlike, lightli_airlock, nicolae_integral_box,
          minmay_shop_grove
Snake:3:  layout_gridlike, grunt_ministairs_15, grunt_megastairs_2
Snake:4:  grunt_snake_rune_spirals, layout_onion, st_stairs_9,
          hangedman_snake_pattern
Orc:1:    layout_caves, basic_altar
Orc:2:    pf_orc_diabolical, layout_caves, mines2_david

Skill      XL: |  1  2  3  4  5  6  7  8  9 10 11 12 13 14 15 16 17 18 |
---------------+-------------------------------------------------------+-----
Polearms       | 4 5 6 7 9 11 12 14 | 14.0
Stealth        | 4 5 6 7 9 10 12 14 | 14.0
Armour         | 2 3 4 6 7 8 9 |  9.0
Dodging        | 3 4 5 6 7 8 |  8.3
Fighting       | 4 5 6 7 8 9 10 | 10.3
Ice Magic      | 7 |  7.3
Poison Magic   | 4 8 12 13 | 13.0
Transmutations | 3 6 8 |  8.6
Fire Magic     | 3 6 8 |  8.2
Spellcasting   | 2 3 4 6 |  6.4
Shields        | 1 3 4 5 8 10 | 10.1
Invocations    | 11 14 15 | 15.1
Earth Magic    | 1 |  1.5
Conjurations   | |  0.2
Air Magic      | |  0.2
Evocations     | |  0.6

Action                     |  1- 3 |  4- 6 |  7- 9 | 10-12 | 13-15 | 16-18 || total
---------------------------+-------+-------+-------+-------+-------+-------++-------
  Melee: Spear             |   161 |   161 |   149 |   306 |       |       ||   777
         Halberd           |       |    37 |   141 |       |   110 |       ||   288
         Glaive            |       |       |    73 |       |   105 |       ||   178
         Punch             |       |       |     1 |    11 |    15 |       ||    27
         Trident           |       |       |       |   561 |   811 |  1048 ||  2420
         Constrict         |       |       |       |       |   183 |   248 ||   431
         Demon trident     |       |       |       |       |       |   714 ||   714
   Cast: Ozocubu's Armour  |       |       |       |     6 |     1 |     2 ||     9
         Ignite Poison     |       |       |       |       |     3 |    12 ||    15
 Invoke: Slouch            |       |       |       |       |     6 |    10 ||    16
         Temporal Distorti |       |       |       |       |     1 |       ||     1
         Bend Time         |       |       |       |       |     2 |     1 ||     3
         Step From Time    |       |       |       |       |       |     2 ||     2
Ability: Spit Poison       |     5 |    18 |     3 |     5 |    10 |    15 ||    56
  Evoke: Wand              |       |       |       |     2 |       |       ||     2
    Use: Potion            |     1 |       |     3 |     4 |     2 |     6 ||    16
         Scroll            |       |       |     7 |    12 |    11 |    10 ||    40
   Stab: Sleeping          |       |       |       |    10 |    22 |    41 ||    73
         Distracted        |       |       |       |     3 |     6 |     9 ||    18
         Paralysed         |       |       |       |     5 |       |       ||     5
         Confused          |       |       |       |       |     2 |       ||     2
 Armour: Robe              |     8 |       |       |       |       |       ||     8
         Chain mail        |    25 |       |       |       |       |       ||    25
         Ring mail         |    16 |       |       |       |       |       ||    16
         Plate armour      |     5 |    78 |       |       |       |       ||    83
         Scale mail        |       |     4 |   129 |   354 |   578 |   496 ||  1561
         Skin              |       |       |       |    85 |       |       ||    85
  Dodge: Dodged            |    53 |    17 |   119 |   335 |   596 |   580 ||  1700
  Block: Kite shield       |       |       |       |       |    17 |  1071 ||  1088
         Reflection        |       |       |       |       |       |    10 ||    10

Table legend: (Time is in decaauts)
 A = Elapsed time spent in this place.
 B = Non-inter-level travel time spent in this place.
 C = Inter-level travel time spent in this place.
 D = Time resting spent in this place.
 E = Time spent auto-exploring this place.
 F = Levels seen in this place.
 G = Mean time per level.
                   A        B        C        D        E       F      G
               +--------+--------+--------+--------+--------+-----+--------+
         Total |  60667 |  52681 |   7986 |   1918 |  40773 |  31 | 1957.0 |
       Dungeon |  24629 |  20282 |   4347 |    622 |  16423 |  15 | 1641.9 |
        Temple |    340 |    313 |     27 |      0 |    301 |   1 |  340.0 |
          Lair |  11677 |   9991 |   1686 |    201 |   8141 |   5 | 2335.4 |
        Shoals |   9520 |   9126 |    394 |    340 |   6324 |   4 | 2380.0 |
     Snake Pit |  11750 |  10529 |   1221 |    737 |   7850 |   4 | 2937.5 |
  Orcish Mines |   2748 |   2439 |    309 |     16 |   1733 |   2 | 1374.0 |
               +--------+--------+--------+--------+--------+-----+--------+

Top non-repeatable levels by time:
 Snake:1: 3751 daAuts
Shoals:4: 3469 daAuts
 Snake:2: 3238 daAuts
     D:9: 2957 daAuts
  Lair:4: 2830 daAuts
 Snake:4: 2679 daAuts
  Lair:3: 2555 daAuts
     D:7: 2372 daAuts
  Lair:5: 2249 daAuts
Shoals:3: 2216 daAuts
    D:11: 2110 daAuts
Shoals:2: 2104 daAuts
 Snake:3: 2081 daAuts
  Lair:1: 2081 daAuts
     D:3: 1996 daAuts
